 Dungeon Crawl Stone Soup version 0.30-b1-2-g02819fbbbe (webtiles) character file.

Game seed: 7358907541489981782

284 funkygono the Chopper (level 6, -3/56 HPs)
             Began as a Minotaur Fighter on May 22, 2023.
             Killed from afar by Dowan (12 damage)
             ... with a puff of frost
             ... on level 4 of the Dungeon.
             The game lasted 00:04:01 (2361 turns).

funkygono the Chopper (Minotaur Fighter)            Turns: 2361, Time: 00:04:01

Health: -3/56      AC:  0    Str: 22    XL:     6   Next: 7%
Magic:  5/5        EV: 13    Int:  5    God:
Gold:   170        SH:  0    Dex: 10    Spells: 5/5 levels left

rFire   . . .        a - melded +0 war axe
rCold   . . .        c - melded +0 buckler
rNeg    . . .        i - melded +0 chain mail
rPois   .            (helmet currently unavailable)
rElec   .            (cloak currently unavailable)
rCorr   .            h - melded +2 pair of gloves
SInv    .            (boots currently unavailable)
Will    .....        (no amulet)
Stlth   +            (ring currently unavailable)
HPRegen 0.29/turn    (ring currently unavailable)
MPRegen 0.09/turn

%: no passive effects
@: lit by a corona, pig-form (expiring), glowing, very quick
A: fast, no casting, small, (horns 2), (retaliatory headbutt)
a: no special abilities


You were on level 4 of the Dungeon.
You were a filthy swine.
You visited 1 branch of the dungeon, and saw 6 of its levels.

You collected 170 gold pieces.

Inventory:

Hand Weapons
 a - a +0 war axe (melded)
Missiles
 s - 3 javelins
 u - 4 boomerangs (quivered)
 v - 3 silver javelins
Armour
 c - a +0 buckler (melded)
 h - a +2 pair of gloves (melded)
 i - a +0 chain mail (melded)
Jewellery
 t - a ring of fire
Scrolls
 b - 2 scrolls of identify {unknown}
 e - 2 scrolls of vulnerability {unknown}
 f - a scroll of enchant weapon {unknown}
 j - 2 scrolls of brand weapon {unknown}
 n - 3 scrolls of noise {unknown}
 o - a scroll of silence {unknown}
 q - a scroll of poison {unknown}
Potions
 d - a potion of might
 g - 2 potions of curing {unknown}
 k - 3 potions of flight {unknown}
 l - 2 potions of cancellation {unknown}
 m - a potion of brilliance {unknown}
 p - a potion of degeneration {unknown}
 r - 2 potions of invisibility {unknown}
 w - a potion of mutation {unknown}


   Skills:
 + Level 5.0 Fighting
 + Level 5.4 Axes
 + Level 4.7 Armour
 + Level 1.1 Dodging
 + Level 4.3 Shields


You had 5 spell levels left.
You didn't know any spells.
Your spell library was empty.

Dungeon Overview and Level Annotations

Branches:
Dungeon (6/15)
 Temple: D:4-7

Altars:
Uskayaw

Annotations:
D:3 2 transporters, MrCrawl's ghost, amateur DsNe
D:4 Dowan


Innate Abilities, Weirdness & Mutations

You are a filthy swine.
You move quickly.
Your equipment is almost entirely melded.
You are incapable of wielding weapons or throwing items.
You cannot cast spells.
((You have a pair of horns on your head.))
((You reflexively headbutt those who attack you in melee.))


Message History

Dowan is severely wounded.
You hit Dowan.
Dowan is almost dead.
Dowan hits you with a +0 dagger.
You hit Dowan.
Dowan is almost dead.
Dowan hits you with a +0 dagger!
You hit Dowan but do no damage.
Dowan is almost dead.
Dowan barely misses you.
You barely miss Dowan.
Dowan is almost dead.
Your transformation is almost over.
Dowan casts a spell at you.
You are outlined in light.
You hit Dowan but do no damage.
Dowan is almost dead.
Dowan points at you and mumbles some strange words.
The puff of flame hits you!
You hit Dowan but do no damage.
Dowan is almost dead.
Dowan gestures wildly while chanting.
Dowan blinks!
Dowan mumbles some strange words.
Dowan blinks!
You barely miss Dowan.
Dowan is almost dead.
Dowan hits you with a +0 dagger.
* * * LOW HITPOINT WARNING * * *
You closely miss Dowan.
Dowan is almost dead.
You barely miss Dowan.
Dowan is almost dead.
Dowan hits you with a +0 dagger.
* * * LOW HITPOINT WARNING * * *
You closely miss Dowan.
Dowan is almost dead.
Dowan points at you and mumbles some strange words.
The puff of frost hits you!
You die...

## #.##### ### #.....# ..
###....# #. #######....###
#.####<....eh.###### #
#......#####.......#..
#..#.##### #....####..
##.....## #....# #...
###.#..## #..#.# ##... #
#.....#####..#..##.... .#
#........##.###$.....## ..#
##.#.....##...........##.###
#.......##.(##....#.>......


You could see Dowan.

Vanquished Creatures
  A scorpion (D:4)
  An orc priest (D:3)
  An iguana (D:3)
  Terence (D:3)
  An orc wizard (D:3)
  4 adders
  A dart slug (D:2)
  10 orcs (D:3)
  6 ball pythons
  7 endoplasms
  5 giant cockroaches
  2 hobgoblins
  10 kobolds
  2 quokkas
  11 bats
  3 frilled lizards
  6 goblins
  4 rats
76 creatures vanquished.

Vanquished Creatures (others)
  A plant (D:1)
1 creature vanquished.

Grand Total: 77 creatures vanquished

Notes
Turn   | Place    | Note
-------+----------+-------------------------------------------
     0 | D:1      | funkygono the Minotaur Fighter began the quest for the Orb.
     0 | D:1      | Reached XP level 1. HP: 19/19 MP: 0/0
   191 | D:1      | Reached XP level 2. HP: 27/27 MP: 1/1
   665 | D:1      | Found a faded altar of an unknown god.
   712 | D:1      | Reached XP level 3. HP: 33/33 MP: 2/2
  1378 | D:2      | Reached XP level 4. HP: 40/40 MP: 3/3
  1545 | D:3      | Noticed Terence
  1555 | D:3      | Killed Terence
  1576 | D:3      | Found a transporter.
  1580 | D:3      | Reached XP level 5. HP: 47/47 MP: 4/4
  1609 | D:3      | You fall into a shaft and drop 3 floors!
  1642 | D:5      | Entered Level 5 of the Dungeon
  1888 | D:3      | Noticed MrCrawl's ghost (amateur DsNe)
  1955 | D:3      | Found a transporter.
  2019 | D:3      | Reached skill level 5 in Axes
  2019 | D:3      | Reached skill level 1 in Dodging
  2222 | D:3      | Found a hide-covered altar of Uskayaw.
  2285 | D:4      | Reached skill level 5 in Fighting
  2285 | D:4      | Reached XP level 6. HP: 56/56 MP: 5/5
  2297 | D:4      | Noticed Dowan
  2361 | D:4      | Killed from afar by Dowan

Illustrated notes

Levels and vault maps discovered:
D:1:      saegor_arrival_under_anarchy, layout_basic,
          dreamdust_ecumenical_altar_grove, minmay_ruptured
D:2:      layout_loops_ring
D:3:      layout_rooms, lemuel_coloured_pillars_altar,
          gammafunk_ghost_stat_death, minmay_misc_feat_square, uniq_terence
D:4:      layout_rooms, nicolae_zen_rock_garden, dilly_guarded_unrand_morg,
          uniq_duvessa
D:5:      layout_rooms, nzn_wu_jian_contemplation, serial_shops,
          nicolae_shop_tiny_waterfront, st_stairs_7, minmay_misc_feat_tiny
D:6:      layout_basic, corner_web_ring, minmay_shop_damaged,
          lightli_orcish_oven

Skill      XL: |  1  2  3  4  5 |
---------------+----------------+-----
Shields        | 4 |  4.3
Axes           | 3 4 5 |  5.4
Armour         | 4 |  4.7
Fighting       | 4 5 |  5.0
Dodging        | 1 |  1.1

Action                     |  1- 3 |  4- 6 || total
---------------------------+-------+-------++-------
  Melee: War axe           |    89 |    66 ||   155
         Headbutt          |     7 |     6 ||    13
         Unarmed           |       |    14 ||    14
 Armour: Scale mail        |    12 |       ||    12
         Chain mail        |    52 |    40 ||    92
  Dodge: Dodged            |    47 |    35 ||    82
  Block: Buckler           |    15 |    16 ||    31
